 Dungeon Crawl Stone Soup version 0.32-a0-841-g4648e6c457 (webtiles) character file.

Game seed: 3068726610713152554

107904 jestert79 the Brawler (level 16, -3/131 (135) HPs)
             Began as a Black Draconian Shapeshifter on Mar 26, 2024.
             Was the Champion of Hepliaklqana.
             Slain by a +1 spectral broad axe (7 damage)
             ... created by Asterion
             ... on level 1 of the Spider Nest.
             The game lasted 01:14:13 (20130 turns).

jestert79 the Brawler (DrSh)                       Turns: 20130, Time: 01:14:14

HP:   -3/131 (135)  AC: 13    Str: 21    XL:     16   Next: 1%
MP:   16/16         EV: 21    Int: 13    God:    Hepliaklqana [******]
Gold: 4058          SH:  0    Dex: 15    Spells: 15/15 levels left

rFire   + .          .
                       - Unarmed
rCold   . . .        (shield currently unavailable)
rNeg    . . .        (body armour unavailable)
rPois   .            (helmet restricted)
rElec   +            J - +2 cloak of the Invisible Hand {Rampage Regen+ Int+3}
rCorr   .            u - melded +1 pair of gloves
SInv    .            y - +0 pair of boots
Will    +....        h - amulet of regeneration
Stlth   +            E - ring of protection from fire
HPRegen 2.01/turn    v - +5 ring of evasion
MPRegen 0.15/turn

%: rampage
@: blade hands, spiked, flying, studying Maces & Flails, lightly drained
A: flying, reduced essence, galvanic breath, AC +9, unfitting armour, big wings,
electricity resistance, cold-blooded
a: Galvanic Breath, Begin Untransformation, Renounce Religion, Recall Ancestor,
Ancestor Identity, Transference, Idealise


You were on level 1 of the Spider Nest.
You worshipped Hepliaklqana.
Hepliaklqana was exalted by your worship.
You had blades for hands.
You visited 5 branches of the dungeon, and saw 24 of its levels.
You also visited: Volcano.

You collected 4466 gold pieces.
You spent 408 gold pieces at shops.

Inventory:

Missiles
 g - 32 poisoned darts (quivered)
 q - 7 throwing nets
Armour
 u - a +1 pair of gloves (melded)
 y - a +0 pair of boots (worn)
 J - the +2 cloak of the Invisible Hand (worn) {Rampage Regen+ Int+3}
   (You bought it in a shop on level 9 of the Dungeon)

   Int+3:     It affects your intelligence (+3).
   Regen+:    It increases your rate of health regeneration.
   Rampage:   It bestows one free step when moving towards enemies.
Jewellery
 d - a ring of resist corrosion
 h - an amulet of regeneration (around neck)
 m - a ring of see invisible
 v - a +5 ring of evasion (right blade hand)
 z - a ring of magical power
 E - a ring of protection from fire (left blade hand)
 L - a ring of ice
 O - a ring of willpower
 S - a +4 ring of protection
 T - a +6 ring of intelligence
Talismans
 c - a flux talisman
 e - a blade talisman (active)
Wands
 w - a wand of acid (19)
 D - a wand of warping (22)
 F - a wand of paralysis (9)
 K - a wand of polymorph (11)
 R - a wand of flame (4)
Scrolls
 f - 4 scrolls of vulnerability
 i - 2 scrolls of enchant armour
 j - 4 scrolls of poison
 l - 11 scrolls of teleportation
 n - a scroll of brand weapon
 o - 6 scrolls of blinking
 p - 3 scrolls of immolation
 t - 3 scrolls of amnesia
 C - 7 scrolls of fear
 I - 2 scrolls of identify
 P - 2 scrolls of revelation
 W - a scroll of silence
 Z - a scroll of butterflies
Potions
 a - 4 potions of lignification
 b - 2 potions of ambrosia
 k - 2 potions of might
 r - 7 potions of curing
 s - 7 potions of heal wounds
 x - 2 potions of attraction
 A - 5 potions of resistance
 B - 2 potions of brilliance
 G - a potion of berserk rage
 M - 6 potions of magic
 N - a potion of enlightenment
 U - 3 potions of haste
 Y - 2 potions of invisibility
Miscellaneous
 H - a lightning rod (4/4)
 Q - a box of beasts
 V - a phantom mirror


   Skills:
 + Level 16.0 Fighting
 + Level 9.5 Dodging
 + Level 16.7 Unarmed Combat
 + Level 1.1 Invocations
 - Level 4.0 Evocations
 + Level 15.1 Shapeshifting


You had 15 spell levels left.
You didn't know any spells.
Your spell library contained the following spells:

 Spells                   Type           Power      Damage    Failure   Level
 Apportation              Tloc           0%         N/A       30%         1
 Magic Dart               Conj           0%         1d3       30%         1
 Slow                     Hex            0%         N/A       30%         1
 Sting                    Conj/Alch      0%         1d3       30%         1
 Call Imp                 Summ           0%         N/A       43%         2
 Ensorcelled Hibernation  Hex/Ice        0%         N/A       43%         2
 Jinxbite                 Hex            0%         N/A       43%         2
 Mercury Vapours          Alch/Air       0%         N/A       43%         2
 Searing Ray              Conj           0%         2d4       43%         2
 Sublimation of Blood     Necr           0%         N/A       43%         2
 Confusing Touch          Hex            0%         N/A       67%         3
 Hailstorm                Conj/Ice       0%         3d5       67%         3
 Passwall                 Erth           0%         N/A       67%         3
 Summon Ice Beast         Ice/Summ       0%         N/A       67%         3
 Swiftness                Air            0%         N/A       67%         3
 Tukima's Dance           Hex            0%         N/A       67%         3
 Vampiric Draining        Necr           0%         2d6       67%         3
 Anguish                  Hex/Necr       0%         N/A       97%         4
 Cause Fear               Hex            0%         N/A       97%         4
 Dimensional Bullseye     Hex/Tloc       0%         N/A       97%         4
 Fulminant Prism          Conj/Alch      0%         3d5       97%         4
 Iskenderun's Mystic Bla  Conj/Tloc      0%         2d3       97%         4
 Olgreb's Toxic Radiance  Alch           0%         N/A       97%         4
 Petrify                  Alch/Erth      0%         N/A       97%         4
 Alistair's Intoxication  Alch           0%         N/A       100%        5
 Irradiate                Conj/Alch      0%         3d11      100%        5
 Summon Forest            Summ/Tloc      0%         N/A       100%        5
 Summon Mana Viper        Hex/Summ       0%         N/A       100%        5
 Permafrost Eruption      Ice/Erth       0%         2x4d2     100%        6
 Sculpt Simulacrum        Ice/Alch       0%         N/A       100%        6
 Summon Cactus Giant      Summ           0%         N/A       100%        6
 Enfeeble                 Hex            0%         N/A       100%        7
 Ozocubu's Refrigeration  Ice            0%         4d7       100%        7
 Summon Hydra             Summ           0%         N/A       100%        7
 Discord                  Hex            0%         N/A       100%        8


Dungeon Overview and Level Annotations

Branches:
Dungeon (15/15)            Temple (1/1) D:6            Lair (5/5) D:11
  Swamp (0/4) Lair:2       Spider (1/4) Lair:2        Slime (0/5) Lair:4
    Orc (2/2) D:12            Elf (0/3) Orc:2        Vaults (0/5) D:13
 Depths (0/4) D:15        Volcano (visited)

Altars:
Ashenzari
Cheibriados
Dithmenos
Elyvilon
Fedhas
Gozag
Hepliaklqana
Kikubaaqudgha
Makhleb
Nemelex Xobeh
Okawaru
Qazlal
Ru
Sif Muna
Trog
Uskayaw
Vehumet
Wu Jian
Xom
Yredelemnul
Zin
The Shining One
Beogh
Jiyva

Shops:
D:1 !   D:3 *!   D:6 *   D:9 [   D:15 *[   Orc:2 *[(=

Annotations:
D:6 exclusion: door
D:10 1 runed translucent door
Spider:1 Asterion


Innate Abilities, Weirdness & Mutations

You have blades for hands.
You are flying.
You are incapable of wielding weapons or throwing items.
Your life essence is reduced to manifest your ancestor. (-10% HP)
You can breathe arcing electricity.
Your glossy black scales are hard. (AC +9)
You cannot fit into any form of body armour.
Your large and strong wings let you fly.
You are resistant to electric shocks. (rElec)
You are cold-blooded and may be slowed by cold attacks.


Message History

The steelbarb worm hits you!
Barbed spikes become lodged in your body.
Asterion blocks Igikicu's attack.
A +1 spectral broad axe comes into view.
Asterion blocks your attack.
Asterion is heavily wounded.
Asterion closely misses you.
Asterion hits Igikicu with a +1 spectral broad axe!!
Igikicu is destroyed!
The +1 spectral broad axe barely misses you.
Asterion barely misses you.
The steelbarb worm hits you but does no damage.
You completely miss Asterion.
Asterion is heavily wounded.
Asterion closely misses you. The +1 spectral broad axe hits you!
Asterion gores you but does no damage.
The steelbarb worm completely misses you.
Unknown command.
You shred Asterion!!!
Asterion is almost dead.
Asterion hits you with a +1 spectral broad axe!!
* * * LOW HITPOINT WARNING * * *
The +1 spectral broad axe hits you but does no damage.
Asterion gores you.
* * * LOW HITPOINT WARNING * * *
The steelbarb worm hits you!
* * * LOW HITPOINT WARNING * * *
More barbed spikes become lodged in your body.
Asterion blocks your attack. x2
Asterion is almost dead.
Asterion hits you with a +1 spectral broad axe!!
* * * LOW HITPOINT WARNING * * *
The +1 spectral broad axe completely misses you.
Asterion gores you but does no damage.
The steelbarb worm hits you but does no damage.
You hit Asterion but do no damage.
Asterion is almost dead.
Asterion misses you. The +1 spectral broad axe hits you!
You die...
Hepliaklqana delivers you to your ancestors.

## ## #.. #. . ##.#
.[ #. .# ##...##..
. .# ####?#...#.
.#.^ . ##..
......#.w#..[ #.^.
.#..#†.#.... ≈#
#..## ##.#.w#^..#
≈#
#...###..#.@(2^^#
≈≈
##..##..#.#H##^...^
≈#####.#..^...##.#
.>.#
#≈##.....##..###..
..^ ≈#≈.##.....#.#
##.# ^^
~≈#####..#...# #. .
.## ##R#.### #. #.#
##.## # .#.# ### #


You could see Asterion (fast), a green death (summoned), a steelbarb worm and a
+1 spectral broad axe.

Vanquished Creatures
  Rupert (D:15)
  Donald (Orc:1)
  2 orc warlords
  A very ugly thing (D:15)
  Snorg (D:10)
  10 hydras
  Fannar (D:11)
  4 vault guards (D:13)
  2 catoblepae
  4 two-headed ogres
  An alligator (Lair:2)
  A death knight (D:15)
  A boulder beetle (D:11)
  5 centaur warriors
  2 death yaks (Lair:5)
  2 tengu warriors
  4 demonic crawlers
  2 orc high priests (Orc:2)
  Urug (Orc:1)
  A pharaoh ant (Spider:1)
  A steelbarb worm (Spider:1)
  2 lindwurms (Volcano)
  A swamp dragon (Lair:5)
  A deep elf pyromancer (D:15)
  3 orc knights
  A harpy (shapeshifter) (D:12)
  2 cyclopes
  8 orc sorcerers
  A wolf spider (Spider:1)
  An ugly thing (D:13)
  2 moths of wrath (Spider:1)
  A kobold blastminer (Orc:1)
  6 manticores
  Maurice (D:7)
  5 meliai
  8 elephants
  6 black mambas
  2 gargoyles
  4 torpor snails
  8 cane toads
  3 molten gargoyles (Volcano)
  A cane toad (shapeshifter) (D:15)
  10 komodo dragons
  An efreet (D:14)
  3 rime drakes
  An unseen horror (shapeshifter) (D:14)
  A kobold demonologist (D:12)
  A tengu conjurer (D:15)
  7 trolls
  A polar bear (Lair:4)
  A hornet (Lair:2)
  15 blink frogs
  A tarantella (Spider:1)
  Prince Ribbit (D:6)
  9 dream sheep
  2 slime creatures
  A shadow (D:12)
  Sigmund (D:2)
  5 wraiths
  19 yaks
  2 wyverns
  2 basilisks
  4 wargs (Orc:1)
  5 vampire mosquitoes
  Menkaure (D:6)
  5 acid dragons
  9 water moccasins
  16 orc warriors
  A swamp drake (Lair:5)
  2 black bears (Lair:4)
  An ice beast (D:5)
  3 laughing skulls
  11 wolves
  7 ogres
  2 centaurs
  A phantom (D:6)
  2 kobold brigands
  Blork the orc (D:6)
  2 weeping skulls (D:7)
  A gnoll sergeant (D:8)
  9 bullfrogs
  2 wyvern zombies (D:7)
  An earth elemental (Volcano)
  A scorpion (D:5)
  5 wights
  10 killer bees
  An electric eel (Lair:5)
  A howler monkey (D:10)
  A bullfrog zombie (D:7)
  2 centaur zombies (D:7)
  A bombardier beetle (D:5)
  A gnoll bouda (D:8)
  3 hounds
  4 orc priests
  A jelly (D:5)
  2 sleepcaps
  A human zombie (D:7)
  Crazy Yiuf (D:6)
  16 orc wizards
  Natasha (twice) (D:3)
  9 iguanas
  A howler monkey zombie (D:7)
  8 gnolls
  6 adders
  A white imp (D:5)
  2 ufetubi (D:5)
  A ribbon worm (D:4)
  3 dart slugs
  40 orcs
  10 endoplasms
  A giant cockroach (D:1)
  6 hobgoblins
  2 jackals
  11 kobolds
  6 quokkas
  4 ball pythons
  6 bats
  5 frilled lizards
  5 goblins
  3 rats
  A butterfly (Lair:1)
469 creatures vanquished.

Vanquished Creatures (collateral kills)
  An orc warlord (Orc:2)
  A dire elephant (D:15)
  A fire dragon (Lair:5)
  Josephine (D:10)
  2 hydras (Lair:5)
  An ogre mage (Orc:2)
  A boulder beetle (D:15)
  A centaur warrior (D:12)
  2 death yaks (Lair:5)
  A two-headed ogre (D:11)
  A tengu warrior (D:13)
  An orb spider (Lair:2)
  A lindwurm (Lair:1)
  An obsidian bat (Orc:2)
  A wolf spider (D:15)
  An orc knight (Orc:1)
  An ugly thing (D:12)
  11 elephants
  A meliai (D:13)
  3 black mambas
  A manticore (D:15)
  A torpor snail (Lair:5)
  A molten gargoyle (Volcano)
  A gargoyle (D:10)
  4 cane toads
  2 unseen horrors
  2 rime drakes
  2 komodo dragons
  8 blink frogs
  A tarantella (Spider:1)
  2 slime creatures (D:15)
  4 dream sheep (Lair:5)
  4 wraiths
  2 wyverns
  10 yaks
  2 basilisks
  2 wargs (Orc:1)
  A fire elemental (Volcano)
  2 vampire mosquitoes
  A steam dragon (Lair:5)
  An acid dragon (Lair:5)
  7 water moccasins
  A black bear (D:11)
  A laughing skull (D:13)
  12 orc warriors
  2 swamp drakes (Lair:5)
  2 ogres (Orc:2)
  2 wolves (Lair:2)
  6 bullfrogs
  An earth elemental (Volcano)
  A wight (D:9)
  A killer bee (D:9)
  An electric eel (Lair:5)
  5 orc priests
  2 iguanas (Lair:5)
  8 orc wizards
  2 gnolls (D:8)
  25 orcs
  2 kobolds
  4 butterflies
173 creatures vanquished.

Vanquished Creatures (others)
  13 battlemagi
  2 ancestors
  2 orcs (Orc:2)
  A kobold (D:12)
18 creatures vanquished.

Grand Total: 660 creatures vanquished

Notes
Turn   | Place    | Note
-------+----------+-------------------------------------------
     0 | D:1      | jestert79 the Draconian Shapeshifter began the quest for
                  | the Orb.
     0 | D:1      | Reached XP level 1. HP: 16/16 MP: 1/1
   251 | D:1      | Reached XP level 2. HP: 15/23 MP: 2/2
   348 | D:1      | Found Ifaidwuv's Distillery.
   359 | D:1      | Bought a potion of degeneration for 14 gold pieces
   604 | D:1      | Reached XP level 3. HP: 28/28 MP: 3/3
  1187 | D:2      | Identified the +0 pair of gloves "Hoovan" {-Cast rElec rC-
                  | SInv}
  1612 | D:2      | Noticed Sigmund
  1622 | D:2      | Killed Sigmund
  1623 | D:2      | Reached skill level 5 in Unarmed Combat
  1623 | D:2      | Reached XP level 4. HP: 17/35 MP: 4/4
  1623 | D:2      | Reached XP level 5. HP: 20/40 MP: 5/5
  2049 | D:3      | Found Uwnegreo's Distillery.
  2049 | D:3      | Noticed Natasha
  2073 | D:3      | Killed Natasha
  2089 | D:3      | Bought a potion of curing for 30 gold pieces
  2100 | D:3      | Reached XP level 6. HP: 44/47 MP: 6/6
  2116 | D:3      | Found Xeuplab's General Store.
  2662 | D:3      | Noticed Natasha
  2666 | D:3      | Killed Natasha
  2685 | D:3      | Bought a scroll of identify for 28 gold pieces
  3398 | D:3      | Bought a scroll of fear for 56 gold pieces
  3440 | D:5      | Entered Level 5 of the Dungeon
  3601 | D:5      | Reached skill level 5 in Shapeshifting
  3623 | D:4      | Your scales start taking on a glossy black colour.
  3623 | D:4      | Reached XP level 7. HP: 45/52 MP: 7/7
  3623 | D:4      | Gained mutation: You are resistant to electric shocks.
                  | (rElec) [Black Draconian growth]
  4063 | D:5      | Reached XP level 8. HP: 41/59 MP: 8/8
  4431 | D:6      | Identified the +1 trident "Zyweceih" {protect, ^Drain Fly
                  | Dex+6}
  4440 | D:6      | Found a shimmering blue altar of Sif Muna.
  4461 | D:6      | Noticed Menkaure
  4465 | D:6      | Killed Menkaure
  4527 | D:6      | Found Ludath's General Store.
  4530 | D:6      | Bought a scroll of noise for 14 gold pieces
  4564 | D:6      | Found a staircase to the Ecumenical Temple.
  4642 | Temple   | Entered the Ecumenical Temple
  4646 | Temple   | Became a worshipper of Hepliaklqana the Forgotten
  4754 | D:6      | Noticed Blork the orc
  4764 | D:6      | Killed Blork the orc
  4875 | D:6      | Found a runed translucent door.
  4876 | D:6      | Noticed Crazy Yiuf
  5067 | D:6      | Killed Crazy Yiuf
  5120 | D:7      | Noticed Prince Ribbit
  5152 | D:7      | Noticed Maurice
  5187 | D:7      | Found a shimmering altar of Xom.
  5228 | D:6      | Killed Prince Ribbit
  5304 | D:7      | Found an opulent altar of Gozag.
  5304 | D:7      | Found a sacrificial altar of Ru.
  5320 | D:7      | Killed Maurice
  5321 | D:7      | Reached XP level 9. HP: 68/68 MP: 9/9
  5342 | D:7      | Found an ancient bone altar of Kikubaaqudgha.
  5472 | D:7      | Found a basalt altar of Yredelemnul.
  5584 | D:7      | Found a stormy altar of Qazlal.
  5631 | D:8      | Identified a scroll of acquirement
  5631 | D:8      | Acquired 1250 gold pieces
  5841 | D:8      | Reached * piety under Hepliaklqana
  6784 | D:9      | Reached skill level 5 in Fighting
  6897 | D:9      | Noticed a troll
  6903 | D:9      | Killed a troll
  6904 | D:9      | Reached XP level 10. HP: 54/72 MP: 10/10
  7066 | D:9      | Found Retokox's Antique Armour Shop.
  7071 | D:9      | Bought an ichor-stained cloak for 266 gold pieces
  7071 | D:9      | Identified the +2 cloak of the Invisible Hand {Rampage
                  | Regen+ Int+3} (You bought it in a shop on level 9 of the
                  | Dungeon)
  7290 | D:9      | Reached skill level 10 in Unarmed Combat
  7770 | D:10     | Entered Level 10 of the Dungeon
  7774 | D:10     | Reached skill level 5 in Dodging
  7829 | D:10     | Noticed Snorg
  7863 | D:10     | Killed Snorg
  7905 | D:10     | You fall into a shaft and drop 2 floors!
  7936 | D:12     | Reached ** piety under Hepliaklqana
  7937 | D:12     | Remembered your ancestor Igikicu as a battlemage
  7986 | D:12     | Noticed a soul eater
  8057 | D:12     | Found a staircase to the Orcish Mines.
  8077 | D:11     | Noticed Fannar
  8089 | D:11     | Killed Fannar
  8103 | D:11     | Noticed an elephant
  8128 | D:11     | Noticed a two-headed ogre
  8193 | D:10     | Noticed Josephine
  8200 | D:10     | Killed Josephine
  8201 | D:10     | Reached XP level 11. HP: 61/82 MP: 11/11
  8402 | D:10     | Found a runed translucent door.
  8402 | D:10     | Noticed a centaur warrior
  8403 | D:10     | Noticed a harpy
  8407 | D:10     | Killed a centaur warrior
  8609 | D:10     | Found a hide-covered altar of Uskayaw.
  8637 | D:10     | Noticed a two-headed ogre
  8642 | D:10     | Killed a two-headed ogre
  9026 | D:11     | Reached skill level 10 in Shapeshifting
  9056 | D:11     | Reached *** piety under Hepliaklqana
  9170 | D:11     | Found a staircase to the Lair.
  9269 | D:11     | Noticed a boulder beetle
  9280 | D:11     | Killed a boulder beetle
  9494 | D:11     | Killed a two-headed ogre
  9884 | D:12     | Noticed a red ugly thing
  9889 | D:12     | Killed a white ugly thing
 10102 | D:12     | Noticed a centaur warrior
 10108 | D:12     | Killed a centaur warrior
 10109 | D:12     | Reached XP level 12. HP: 89/93 MP: 12/12
 10341 | Lair:1   | Entered Level 1 of the Lair of Beasts
 10408 | Lair:1   | Found a dark tunnel.
 10425 | Volcano  | Entered a volcano
 10425 | Volcano  | Found a shimmering blue altar of Sif Muna.
 10904 | Lair:1   | Reached skill level 10 in Fighting
 10974 | Lair:1   | Reached **** piety under Hepliaklqana
 11823 | Lair:2   | Reached skill level 1 in Evocations
 12032 | Lair:2   | Reached ***** piety under Hepliaklqana
 12046 | Lair:2   | Reached XP level 13. HP: 103/103 MP: 13/13
 12059 | Lair:2   | Found a snail-covered altar of Cheibriados.
 12301 | Lair:2   | Found a hole to the Spider Nest.
 12344 | Lair:2   | Found a staircase to the Swamp.
 13805 | Lair:4   | Found a viscous altar of Jiyva.
 13805 | Lair:4   | Found a staircase to the Slime Pits.
 14033 | Lair:4   | Gained mutation: Your large and strong wings let you fly.
                  | [Black Draconian growth]
 14033 | Lair:4   | Reached XP level 14. HP: 109/114 MP: 14/14
 14183 | Lair:5   | Entered Level 5 of the Lair of Beasts
 14183 | Lair:5   | Found the +8 orange crystal plate armour {Archmagi, Int+3
                  | Clar}
 15186 | Lair:5   | Reached ****** piety under Hepliaklqana
 15520 | Lair:5   | Reached skill level 15 in Unarmed Combat
 15911 | Orc:1    | Entered Level 1 of the Orcish Mines
 16121 | Orc:2    | Entered Level 2 of the Orcish Mines
 16284 | Orc:2    | Noticed Donald
 16451 | Orc:1    | Killed Donald
 16471 | Orc:2    | Noticed an orc warlord
 16601 | Orc:1    | Killed an orc warlord
 16726 | Orc:1    | Reached XP level 15. HP: 117/125 MP: 15/15
 16925 | Orc:2    | Found a roughly hewn altar of Beogh.
 17003 | Orc:2    | Found a staircase to the Elven Halls.
 17051 | Orc:2    | Found a roughly hewn altar of Beogh.
 17068 | Orc:2    | Found Qoimm's Jewellery Shop.
 17084 | Orc:2    | Found Jithrunge's Antique Armour Shop.
 17104 | Orc:2    | Found Cymnax's General Store.
 17120 | Orc:2    | Found Xekhloxe's Antique Weapon Shop.
 17330 | Orc:1    | Found a roughly hewn altar of Beogh.
 17488 | Orc:1    | Noticed Urug
 17517 | Orc:1    | Killed Urug
 17528 | Orc:2    | HP: 2/125 [poisoned by an orc warlord]
 18309 | D:13     | Found a gate to the Vaults.
 18314 | D:13     | Reached skill level 15 in Fighting
 18594 | D:14     | Found an iron altar of Okawaru.
 18849 | D:15     | Entered Level 15 of the Dungeon
 18864 | D:15     | Noticed Rupert
 18893 | D:15     | Killed Rupert
 18925 | D:15     | Found Vaih's Changing Room.
 18992 | D:15     | Identified the +0 great sword "Newtbane" {drain, rF+ Int+2
                  | Dex+3}
 19037 | D:15     | Found Ezyntit's Antique Armour Emporium.
 19278 | D:15     | Found a staircase to the Depths.
 19399 | D:15     | Reached skill level 15 in Shapeshifting
 19866 | Spider:1 | Entered Level 1 of the Spider Nest
 20029 | Spider:1 | Reached skill level 1 in Invocations
 20088 | Spider:1 | Reached XP level 16. HP: 129/130 MP: 16/16
 20114 | Spider:1 | Noticed Asterion
 20129 | Spider:1 | HP: 2/131 [Asterion/+1 spectral broad axe (22)]
 20130 | Spider:1 | Slain by a +1 spectral broad axe

Illustrated notes

Levels and vault maps discovered:
D:1:      giann_forest_graveyard, layout_basic, serial_shops, shop,
          serial_forest, infiniplex_forest_straight_3,
          infiniplex_forest_lined_2, infiniplex_forest_lined_3_way,
          infiniplex_forest_end_double, infiniplex_forest_lined_corner,
          infiniplex_forest_lined_3, infiniplex_forest_clump_long,
          infiniplex_forest_straight_1, minmay_bisected
D:2:      layout_basic, st_stairs_10, minmay_misc_feat_plants, minmay_quantized,
          uniq_sigmund
D:3:      layout_loops_cross, serial_shops, nicolae_shop_peninsula,
          nicolae_shop_industrial_runoff, kennysheep_generic_room_12,
          uniq_natasha
D:4:      minmay_door_path, layout_basic
D:5:      layout_cave_pools
D:6:      layout_loops_cross, led_sif_book, temple_fountains, serial_shops,
          nicolae_shop_real_fake_doors, uniq_menkaure, uniq_blork_the_orc,
          uniq_crazy_yiuf_cottage
D:7:      layout_gridville, mainiacjoe_overflow_concentric_impassable,
          gammafunk_temple_overflow_forgotten, mainiacjoe_overflow_chevrons,
          lemuel_mausoleum_altar_yredelemnul, uniq_prince_ribbit1, uniq_maurice
D:8:      layout_loops_ring, minmay_misc_feat_roman
D:9:      layout_stronghold, serial_shops, nicolae_shop_statue_plus
D:10:     layout_basic, marbit_many_paths, serial_glass, glass_columns_b,
          glass_columns_a, minmay_strange_pillars, due_unseen_surprise,
          minmay_strange_pillars, feat_on_display, minivault_13, uniq_snorg,
          uniq_josephine
D:11:     layout_gridville, david_lair_generic, portal_ice_cave_entry_pillars_1,
          uniq_fannar
D:12:     layout_roguey, david_orc_2
D:13:     layout_basic, lightli_vaults_fourway_checkpoint
D:14:     layout_rooms, okawaru_ov_weapons_minmay
D:15:     hangedman_depths_entry_try_elsewhere_first, layout_long_grid,
          hangedman_decor_riveting, serial_shops, nicolae_lakefront_shop,
          nicolae_transmutations_shop, einodemon_crawler_minivault, uniq_rupert
Temple:   nicolae_temple_bog_church
Lair:1:   beast_lair_carwin_large_2, layout_cave_pods,
          nicolae_volcano_entry_vermiform, lemuel_fruit_fields,
          grunt_megastairs_2
Lair:2:   layout_regular_city, mainiacjoe_swamp_entry_lozenge_pond,
          nicolae_spider_entry_orb_guardian, kennysheep_snail_temple
Lair:3:   layout_regular_city, lemuel_fruit_fields, infiniplex_staircase_pool_2,
          lemuel_fruit_tree
Lair:4:   cheibrodos_lair_overgrown_chateau, layout_hall_layers,
          dpeg_slime_entry_enclosed
Lair:5:   guppyfry_lair_end_dragon, layout_layer_cave, hangedman_lair_in_review,
          chequers_serial_rivers_micro_c, serial_bayou_lake_a
Spider:1: layout_spider_delve, nicolae_spider_webbed_stairs, uniq_asterion
Orc:1:    layout_caves, basic_altar, uniq_urug
Orc:2:    grunt_orc_cross, layout_caves, basic_altar, library_closet,
          uniq_donald

Skill      XL: |  1  2  3  4  5  6  7  8  9 10 11 12 13 14 15 16 |
---------------+-------------------------------------------------+-----
Unarmed Combat | 5 6 7 9 11 12 14 15 16 | 16.7
Shapeshifting  | 4 5 6 7 8 9 10 11 12 13 15 | 15.1
Fighting       | 2 5 7 9 10 12 14 15 16 | 16.0
Dodging        | 2 4 6 7 9 |  9.5
Evocations     | 1 4 |  4.0
Invocations    | 1 |  1.1

Action                     |  1- 3 |  4- 6 |  7- 9 | 10-12 | 13-15 | 16-18 || total
---------------------------+-------+-------+-------+-------+-------+-------++-------
  Melee: Unarmed           |   117 |   106 |   339 |   490 |   828 |    16 ||  1896
         Tailslap          |    10 |     9 |    54 |    86 |   171 |     1 ||   331
         Punch             |     2 |    10 |     2 |       |    15 |     3 ||    32
  Throw: Dart              |     2 |       |     4 |       |       |       ||     6
 Invoke: Recall Ancestor   |       |       |       |     3 |     6 |       ||     9
         Ancestor Life: Ba |       |       |       |     1 |       |       ||     1
Ability: Galvanic Breath   |       |       |     2 |       |    11 |       ||    13
  Evoke: Wand              |       |       |     4 |     4 |     3 |       ||    11
         Lightning rod     |       |       |       |       |     4 |       ||     4
    Use: Scroll            |       |     8 |     7 |     4 |     7 |       ||    26
         Potion            |       |       |       |     1 |     2 |       ||     3
   Stab: Sleeping          |       |     1 |     1 |       |     1 |       ||     3
         Paralysed         |       |       |     6 |     4 |       |       ||    10
         Distracted        |       |       |     1 |    11 |    11 |       ||    23
 Armour: Skin              |    74 |    49 |   154 |   202 |   472 |    22 ||   973
  Dodge: Dodged            |    69 |    52 |   313 |   460 |  1019 |    25 ||  1938
   Form: Flux              |       |       |     1 |       |     1 |       ||     2
         Blade             |       |       |       |       |     2 |       ||     2

Table legend: (Time is in decaauts)
 A = Elapsed time spent in this place.
 B = Non-inter-level travel time spent in this place.
 C = Inter-level travel time spent in this place.
 D = Time resting spent in this place.
 E = Time spent auto-exploring this place.
 F = Levels seen in this place.
 G = Mean time per level.
                   A        B        C        D        E       F      G
               +--------+--------+--------+--------+--------+-----+--------+
         Total |  19822 |  18184 |   1638 |   1632 |  11330 |  25 |  792.9 |
       Dungeon |  12393 |  11241 |   1152 |    709 |   7936 |  15 |  826.2 |
        Temple |      8 |      2 |      6 |      0 |      0 |   1 |    8.0 |
          Lair |   5060 |   4681 |    379 |    392 |   2815 |   5 | 1012.0 |
   Spider Nest |    252 |    252 |      0 |     15 |     31 |   1 |  252.0 |
  Orcish Mines |   1713 |   1614 |     99 |    295 |    548 |   2 |  856.5 |
       Volcano |    393 |    393 |      0 |    221 |      0 |   1 |  393.0 |
               +--------+--------+--------+--------+--------+-----+--------+

Top non-repeatable levels by time:
  Lair:5: 1565 daAuts
     D:1: 1158 daAuts
     D:9: 1072 daAuts
  Lair:1: 1044 daAuts
    D:12: 1015 daAuts
     D:8: 1002 daAuts
     D:6: 973 daAuts
    D:11: 936 daAuts
  Lair:2: 927 daAuts
    D:10: 926 daAuts
   Orc:2: 905 daAuts
  Lair:3: 843 daAuts
     D:2: 842 daAuts
     D:4: 841 daAuts
    D:15: 838 daAuts
